 Dungeon Crawl Stone Soup version 0.28-a0-1616-g050a50673c (webtiles) character file.

Game seed: 2898154153623861130

264 Ordine the Magician (level 5, -8/22 (28) HPs)
             Began as a Deep Elf Hedge Wizard on Jan 22, 2022.
             Was a Follower of Vehumet.
             Mangled by a wight (10 damage)
             ... on level 4 of the Dungeon.
             The game lasted 00:14:56 (4389 turns).

Ordine the Magician (Deep Elf Hedge Wizard)         Turns: 4389, Time: 00:14:56

HP:   -8/22 (28)    AC:  2    Str:  7    XL:     5   Next: 98%
MP:   1/14          EV: 13    Int: 21    God:    Vehumet [*.....]
Gold: 187           SH:  0    Dex: 14    Spells: 0/14 levels left

rFire   . . .      SeeInvis .   a - +0 dagger
rCold   . . .      Faith    .   (no shield)
rNeg    + . .      Spirit   .   b - +0 robe
rPois   .          Reflect  .   c - +0 hat
rElec   .          Harm     .   (no cloak)
rCorr   .          Rampage  .   (no gloves)
Will    .....                   (no boots)
Stlth   ++........              (no amulet)
HPRegen 0.07/turn               g - ring of positive energy
MPRegen 0.14/turn               (no ring)

@: flying, heavily drained
A: deterioration 1
a: Renounce Religion


You were on level 4 of the Dungeon.
You worshipped Vehumet.
Vehumet was aware of your devotion.
You visited 1 branch of the dungeon, and saw 4 of its levels.

You collected 187 gold pieces.

Inventory:

Hand Weapons
 a - a +0 dagger (weapon)
Armour
 b - a +0 robe (worn)
 c - a +0 hat (worn)
Jewellery
 g - a ring of positive energy (left hand)
Scrolls
 h - 4 scrolls of teleportation {unknown}
 i - a scroll of acquirement {unknown}
 j - a scroll of identify {unknown}
 k - a scroll of holy word {unknown}
Potions
 d - a potion of mutation
 f - a potion of cancellation
 l - a potion of curing {unknown}


   Skills:
 - Level 3.0 Dodging
 - Level 3.0 Stealth
 - Level 5.0 Spellcasting
 + Level 2.7 Conjurations
 - Level 2.0 Summonings
 + Level 2.8 Translocations
 * Level 2.8 Fire Magic
 + Level 1.3 Air Magic
 + Level 1.5 Poison Magic


You couldn't memorise any spells.
You knew the following spells:

 Your Spells              Type           Power      Damage    Failure   Level
a - Magic Dart            Conj           64%        1d6       3%          1
b - Blink                 Tloc           34%        N/A       4%          2
c - Conjure Flame         Conj/Fire      16%        6-21      11%         3
d - Mephitic Cloud        Conj/Pois/Air  13%        N/A       16%         3
e - Fireball              Conj/Fire      8%         3d6       67%         5

Your spell library contained the following spells:

 Spells                   Type           Power      Damage    Failure   Level
 Sandblast                Erth           10%        2d5       11%         1
 Apportation              Tloc           34%        N/A       3%          1
 Shock                    Conj/Air       52%        1d6       4%          1
 Summon Small Mammal      Summ           52%        N/A       4%          1
 Call Imp                 Summ           13%        N/A       7%          2
 Animate Skeleton         Necr           10%        N/A       11%         1
 Slow                     Hex            20%        N/A       11%         1
 Swiftness                Air            10%        N/A       19%         3
 Airstrike                Air            5%         N/A       54%         4
 Starburst                Conj/Fire      8%         6d4       99%         6
 Ignition                 Fire           8%         3d5       100%        8


Dungeon Overview and Level Annotations

Branches:
Dungeon (4/15)
 Temple: D:4-7

Altars:
Vehumet
Yredelemnul


Innate Abilities, Weirdness & Mutations

Your body sometimes deteriorates upon taking damage.


Message History

A hobgoblin comes into view.
Casting: Magic Dart (safe; 3% risk of failure)
Confirm with . or Enter, or press ? or * to list all spells.
Aiming: Magic Dart (safe; 3% risk of failure)
Press: ? - help, Shift-Dir - straight line, f/p - wight
Aim: a wight, wielding a +3 short sword and wearing a +0 robe (almost destroyed, 100% to hit)
The magic dart hits the wight but does no damage.
The wight is almost destroyed.
A wight is nearby!
A wight is nearby!
A wight is nearby!
You barely miss the wight.
The wight is almost destroyed.
The wight hits you with a +3 short sword.
You partially resist.
You feel drained.
Casting: Magic Dart (safe; 3% risk of failure)
Confirm with . or Enter, or press ? or * to list all spells.
Aiming: Magic Dart (safe; 3% risk of failure)
Press: ? - help, Shift-Dir - straight line, f/p - wight
Aim: a wight, wielding a +3 short sword and wearing a +0 robe (almost destroyed, 100% to hit)
The magic dart hits the wight but does no damage.
The wight is almost destroyed.
The wight barely misses you.
You hit the wight but do no damage.
The wight is almost destroyed.
The wight hits you with a +3 short sword!
You partially resist.
You feel drained.
* * * LOW HITPOINT WARNING * * *
It was a potion of cancellation.
You feel magically purged.
The wight hits you with a +3 short sword.
* * * LOW HITPOINT WARNING * * *
You partially resist.
You feel drained.
It was a potion of mutation.
You feel extremely strange.
You feel yourself wasting away. The wight barely misses you.
It was a potion of flight.
You feel very buoyant.
You fly up into the air.
The wight hits you with a +3 short sword!
You die...

###.# ..#.# ##
#.#.# .. #.#.# ..
#z#.# .# #.#.# g#
#.#.# .#
#.#.#############.#
..#............z@.#
###################


You could see a wight and a hobgoblin (asleep).

Vanquished Creatures
  An ogre (D:3)
  A wight (D:4)
  2 orc wizards (D:3)
  A gnoll (D:1)
  3 worms
  A dart slug (D:3)
  5 orcs
  5 endoplasms
  4 giant cockroaches
  4 goblins
  8 hobgoblins
  2 jackals (D:1)
  7 kobolds
  2 quokkas (D:1)
  6 ball pythons
  7 bats
  6 frilled lizards
  2 rats
67 creatures vanquished.

Notes
Turn   | Place    | Note
-------+----------+-------------------------------------------
     0 | D:1      | Ordine the Deep Elf Hedge Wizard began the quest for the
                  | Orb.
     0 | D:1      | Reached XP level 1. HP: 10/10 MP: 7/7
    82 | D:1      | Reached XP level 2. HP: 15/15 MP: 0/9
    98 | D:1      | Learned a level 2 spell: Blink
   354 | D:1      | Found a radiant altar of Vehumet.
   392 | D:1      | Became a worshipper of Vehumet
   643 | D:1      | Reached XP level 3. HP: 18/19 MP: 2/11
  1424 | D:2      | Learned a level 3 spell: Conjure Flame
  1625 | D:2      | Found a basalt altar of Yredelemnul.
  1675 | D:2      | Found a faded altar of an unknown god.
  2738 | D:3      | Reached XP level 4. HP: 21/24 MP: 0/12
  2858 | D:3      | Reached * piety under Vehumet
  2858 | D:3      | Offered knowledge of Sandblast by Vehumet.
  3028 | D:3      | Reached skill level 1 in Fire Magic
  3532 | D:2      | Learned a level 3 spell: Mephitic Cloud
  3545 | D:3      | Reached skill level 5 in Spellcasting
  3832 | D:3      | Noticed an ogre
  3843 | D:3      | Killed an ogre
  3844 | D:3      | Reached skill level 1 in Air Magic
  3844 | D:3      | Reached skill level 1 in Poison Magic
  3844 | D:3      | Reached XP level 5. HP: 28/28 MP: 1/14
  4088 | D:3      | Learned a level 5 spell: Fireball
  4387 | D:4      | Gained mutation: Your body sometimes deteriorates upon
                  | taking damage. [potion of mutation]
  4389 | D:4      | Mangled by a wight

Illustrated notes

Levels and vault maps discovered:
D:1:      saegor_arrival_simple_c, layout_rooms, minmay_hexomino_r4
D:2:      layout_loops_ring, basic_ecumenical_altar, basic_altar
D:3:      layout_basic, minmay_ruptured
D:4:      layout_loops_ring, zin_angel, serial_shops, nicolae_square_shop,
          uniq_crazy_yiuf_cottage

Skill      XL: |  1  2  3  4 |
---------------+-------------+-----
Stealth        | 3 |  3.0
Dodging        | 3 |  3.0
Summonings     | 2 |  2.0
Conjurations   | 2 |  2.7
Translocations | 2 |  2.8
Fire Magic     | 2 |  2.8
Spellcasting   | 5 |  5.0
Air Magic      | 1 |  1.3
Poison Magic   | 1 |  1.5

Action                   |  1- 3 |  4- 6 || total
-------------------------+-------+-------++-------
Melee: Dagger            |    28 |    16 ||    44
 Cast: Magic Dart        |   155 |   103 ||   258
       Conjure Flame     |       |     7 ||     7
       Blink             |       |     6 ||     6
       Mephitic Cloud    |       |     3 ||     3
  Use: Potion            |       |     3 ||     3
Armor: Robe              |     7 |     3 ||    10
Dodge: Dodged            |    47 |    24 ||    71

Table legend: (Time is in decaauts)
 A = Elapsed time spent in this place.
 B = Non-inter-level travel time spent in this place.
 C = Inter-level travel time spent in this place.
 D = Time resting spent in this place.
 E = Time spent auto-exploring this place.
 F = Levels seen in this place.
 G = Mean time per level.
                   A        B        C        D        E       F      G
               +--------+--------+--------+--------+--------+-----+--------+
         Total |   4390 |   4334 |     56 |   1247 |   2373 |   4 | 1097.5 |
       Dungeon |   4390 |   4334 |     56 |   1247 |   2373 |   4 | 1097.5 |
               +--------+--------+--------+--------+--------+-----+--------+

Top non-repeatable levels by time:
     D:2: 1567 daAuts
     D:3: 1434 daAuts
     D:1: 1257 daAuts
     D:4: 131 daAuts
